 Dungeon Crawl Stone Soup version 0.23.0 (webtiles) character file.

Game seed: 6175365221682982339

1061 Borgoz the Skirmisher (level 8, -1/51 HPs)
             Began as a Gargoyle Gladiator on Feb 9, 2019.
             Was a Follower of Ashenzari.
             Slain by an orc warrior
             ... wielding a +0 trident
              (15 damage)
             ... on level 6 of the Dungeon.
             The game lasted 00:07:43 (4883 turns).

Borgoz the Skirmisher (Gargoyle Gladiator)          Turns: 4883, Time: 00:07:44

Health: -1/51      AC: 13    Str: 18    XL:     8   Next: 27%
Magic:  8/8        EV: 11    Int:  9    God:    Ashenzari [*.....]
Gold:   207        SH:  0    Dex: 13    Spells: 7/7 levels left

rFire    . . .     SeeInvis .   a - +0 war axe
rCold    . . .     Gourm    .   (no shield)
rNeg     + + +     Faith    .   s - +0 scale mail
rPois    ∞         Spirit   .   c - +0 helmet
rElec    +         Reflect  .   (no cloak)
rCorr    .         Harm     .   (no gloves)
MR       .....                  (no boots)
Stlth    ..........             (no amulet)
HPRegen  0.17/turn              o - ring of positive energy
MPRegen  0.11/turn              p - ring of positive energy

@: about to teleport
A: negative energy resistance 1, electricity resistance, unbreathing,
petrification resistance, rot immunity, AC +5
a: Curse Item, Scrying, Renounce Religion


You were on level 6 of the Dungeon.
You worshipped Ashenzari.
Ashenzari was aware of your devotion.
You were not hungry.

You visited 1 branch of the dungeon, and saw 6 of its levels.

You collected 207 gold pieces.

Inventory:

Hand Weapons
 a - a +0 war axe (weapon)
 q - a +0 flail
Missiles
 b - 23 poisoned needles
 d - 4 throwing nets (quivered)
 r - 5 tomahawks
Armour
 c - a +0 helmet (worn)
 s - a +0 scale mail (worn)
Jewellery
 o - a ring of positive energy (left hand)
 p - a ring of positive energy (right hand)
 x - an uncursed amulet of the acrobat
Wands
 l - a wand of acid (6)
 w - a wand of iceblast (11)
Scrolls
 e - a scroll of amnesia
 g - a scroll of vulnerability {unknown}
 i - 2 scrolls of teleportation
 m - 6 scrolls of remove curse
 n - 2 scrolls of fear {unknown}
 u - 2 scrolls of enchant armour {unknown}
 v - a scroll of enchant weapon {unknown}
 y - 2 scrolls of magic mapping {unknown}
Potions
 h - 2 potions of magic
 k - 3 potions of brilliance
 t - a potion of curing
Comestibles
 f - 10 rations
 j - 3 chunks of flesh


   Skills:
 * Level 6.2 Fighting
 * Level 5.6 Axes
 - Level 1.7 Throwing
 + Level 3.9 Armour
 + Level 4.0 Dodging


You had 7 spell levels left.
You didn't know any spells.
Your spell library was empty.

Dungeon Overview and Level Annotations

Branches:
Dungeon (6/15)
 Temple: D:4-7

Altars:
Ashenzari
Elyvilon
Fedhas
Hepliaklqana
Nemelex Xobeh
Uskayaw
Xom
Yredelemnul
The Shining One

Annotations:
D:5 Pikel


Innate Abilities, Weirdness & Mutations

You are resistant to torment.
Your stone body is resilient. (AC +5)
You are immune to poison.
You resist negative energy. (rN+)
You are resistant to electric shocks. (rElec)
You can survive without breathing.
You are immune to petrification.
You are immune to rotting.


Message History

You are too injured to fight recklessly!
You closely miss the orc warrior.
The orc warrior hits you with a +0 trident!
You hit the orc warrior but do no damage.
The orc warrior hits you with a +0 trident.
* * * LOW HITPOINT WARNING * * *
As you read the scroll of teleportation, it crumbles to dust.
You feel strangely unstable.
An orc comes into view. It is wielding a +0 club.
The orc warrior hits you but does no damage.
The orc shouts!
You hit the orc warrior.
The orc warrior is lightly wounded.
The orc warrior misses you.
You hit the orc warrior but do no damage.
The orc warrior hits you but does no damage.
You slash the orc warrior!
The orc warrior is moderately wounded.
The orc warrior hits you with a +0 trident!
You die...

. #. .# #.# # ..#
#.# #. #.. #.#
#.# #.. .. #.#
#.[# #.#..#. #.#
#.oo#.......
#.#######@######
#.......)......#
#.#.####.........
#.#.# #.#####...
#.#.# #.# ##
##.#.# #.. #..#.#
#.. #.##.# ##.#
#.#... ..


You could see an orc warrior and an orc.

Vanquished Creatures
  Sigmund (D:5)
  Duvessa (D:4)
  A bullfrog (D:6)
  Dowan (D:4)
  An orc priest (D:4)
  A bullfrog skeleton (D:5)
  An iguana (D:5)
  6 worker ants
  Natasha (twice) (D:4)
  7 orc wizards
  7 gnolls
  7 adders
  An ooze (D:3)
  An adder skeleton (D:6)
  2 worms
  2 dart slugs
  A leopard gecko (D:1)
  7 orcs
  4 giant cockroaches
  9 goblins
  2 hobgoblins
  2 jackals (D:5)
  2 quokkas
  6 bats
  5 frilled lizards
  4 kobolds
  A quokka zombie (D:5)
  4 rats (D:1)
89 creatures vanquished.

Notes
Turn   | Place    | Note
-------+----------+-------------------------------------------
     0 | D:1      | Borgoz the Gargoyle Gladiator began the quest for the Orb.
     0 | D:1      | Reached XP level 1. HP: 12/12 MP: 1/1
   104 | D:1      | Reached XP level 2. HP: 17/18 MP: 2/2
   664 | D:1      | Reached skill level 1 in Armour
   744 | D:2      | Reached XP level 3. HP: 21/22 MP: 3/3
   749 | D:2      | Found a basalt altar of Yredelemnul.
   895 | D:2      | Reached skill level 3 in Fighting
   905 | D:2      | Reached XP level 4. HP: 28/28 MP: 4/4
   982 | D:2      | Found a shattered altar of Ashenzari.
   982 | D:2      | Found a white marble altar of Elyvilon.
  1111 | D:2      | Found a blossoming altar of Fedhas.
  1166 | D:2      | Became a worshipper of Ashenzari the Shackled
  1433 | D:3      | Reached XP level 5. HP: 16/33 MP: 5/5
  1894 | D:3      | Reached skill level 4 in Fighting
  2108 | D:3      | Reached XP level 6. HP: 38/38 MP: 6/6
  2687 | D:4      | Found a hazy altar of Hepliaklqana.
  2742 | D:4      | Reached * piety under Ashenzari
  2747 | D:4      | Noticed Natasha
  2760 | D:4      | Killed Natasha
  2777 | D:4      | Reached XP level 7. HP: 40/44 MP: 7/7
  2818 | D:4      | Noticed Duvessa
  2818 | D:4      | Noticed Dowan
  2824 | D:4      | Killed Duvessa
  2824 | D:4      | Reached skill level 5 in Fighting
  2833 | D:4      | Killed Dowan
  3038 | D:4      | Noticed Natasha
  3045 | D:4      | Killed Natasha
  3362 | D:4      | Found a hide-covered altar of Uskayaw.
  3840 | D:5      | Entered Level 5 of the Dungeon
  3864 | D:5      | Reached skill level 5 in Axes
  3874 | D:5      | Found a sparkling altar of Nemelex Xobeh.
  3948 | D:5      | Noticed Pikel
  4229 | D:5      | Noticed Sigmund
  4252 | D:5      | Killed Sigmund
  4252 | D:5      | Reached XP level 8. HP: 19/51 MP: 8/8
  4443 | D:5      | Found a shimmering altar of Xom.
  4458 | D:5      | Reached skill level 6 in Fighting
  4524 | D:5      | Found a glowing golden altar of the Shining One.
  4883 | D:6      | Slain by an orc warrior

Skill      XL: |  1  2  3  4  5  6  7  8 |
---------------+-------------------------+-----
Axes           | 3 4 5 |  5.6
Armour         | 1 2 3 |  3.9
Fighting       | 3 4 5 6 |  6.2
Dodging        | 3 4 |  4.0
Throwing       | |  1.7

Action                   |  1- 3 |  4- 6 |  7- 9 || total
-------------------------+-------+-------+-------++-------
Melee: War axe           |    68 |   155 |   137 ||   360
  Use: Potion            |     2 |     2 |     1 ||     5
       Scroll            |       |     4 |     3 ||     7
  Eat: Chunk             |       |     6 |     7 ||    13
Armor: Leather armour    |    38 |    31 |       ||    69
       Scale mail        |       |    62 |    88 ||   150
       Skin              |       |    13 |       ||    13
Dodge: Dodged            |    54 |   100 |    84 ||   238
